 Dungeon Crawl Stone Soup version 0.17-a0-764-gd40c196 (console) character file.

163 sose the Ruffian (level 5, 0/39 (41) HPs)
             Began as a Ghoul Warper on Apr 23, 2015.
             Slain by an orc (5 damage)
             ... on level 3 of the Dungeon.
             The game lasted 00:05:31 (1885 turns).

sose the Ruffian (Ghoul Warper)                     Turns: 1885, Time: 00:05:31

HP:   0/39 (41)     AC:  6    Str: 15    XL:     5   Next: 44%
MP:   6/6           EV: 11    Int:  7    God:
Gold: 131           SH:  0    Dex:  8    Spells: 2 memorised, 4 levels left

rFire  . . .     SeeInvis .       - Unarmed
rCold  + . .     Clarity  .     a - +0 leather armour
rNeg   + + +     SustAb   .     (no shield)
rPois  ∞         Gourm    .     p - +1 helmet
rElec  .         Spirit   .     n - +0 cloak
rCorr  .         Warding  .     (no gloves)
rMut   .         Stasis   .     (no boots)
MR     .....                    (no amulet)
Stlth  +.........               f - -2 ring of intelligence (curse)
                                q - ring of poison resistance

@: rotting, not resistant to hostile enchantments, very unstealthy
A: rotting body, claws 1, carnivore 3, cold resistance 1, negative energy
resistance 3, slow healing 1, torment resistance, unbreathing
a: no special abilities


You were on level 3 of the Dungeon.
You were not hungry.

You visited 1 branch of the dungeon, and saw 3 of its levels.

You collected 131 gold pieces.

Inventory:

Missiles
 d - 5 tomahawks of dispersal (quivered)
Armour
 a - a +0 leather armour (worn)
 n - a +0 cloak (worn)
 p - a +1 helmet (worn)
Jewellery
 f - a cursed -2 ring of intelligence (right claw)
 q - a ring of poison resistance (left claw)
Scrolls
 c - a scroll of blinking
 g - a scroll of random uselessness {unknown}
 h - 5 scrolls of amnesia {unknown}
 j - a scroll of remove curse {unknown}
 k - a scroll of enchant armour {unknown}
 l - 3 scrolls of identify {unknown}
 m - 2 scrolls of noise {unknown}
 r - a scroll of fog {unknown}
Potions
 i - 2 potions of curing {unknown}
Books
 b - a book of Spatial Translocations

   Spells                             Type                      Level
   a - Apportation                    Translocation                1
   b - Blink                          Translocation                2
   c - Shroud of Golubria             Charms/Translocation         2
   d - Portal Projectile              Translocation                3
   e - Teleport Other                 Translocation                3
   f - Passage of Golubria            Translocation                4
Comestibles
 e - 2 meat rations
 o - 5 chunks of flesh


   Skills:
 - Level 2.1 Fighting
 - Level 0.8 Throwing
 - Level 0.8 Armour
 - Level 1.7 Dodging
 + Level 5.6 Unarmed Combat
 - Level 1.7 Spellcasting
 + Level 3.1 Translocations


You had 4 spell levels left.
You knew the following spells:

 Your Spells              Type           Power        Failure   Level  Hunger
a - Apportation           Tloc           #.........   14%         1    ##.....
b - Blink                 Tloc           N/A          21%         2    ###....


Dungeon Overview and Level Annotations

Branches:
Dungeon (3/15)

Altars:


Innate Abilities, Weirdness & Mutations

Your body is rotting away.
You thrive on raw meat.
You are immune to poison.
You have sharp fingernails.
You are carnivorous and can eat meat at any time.
Your flesh is cold resistant.
You are immune to negative energy.
You heal slowly when monsters are visible.
You are immune to unholy pain and torment.
You can survive without breathing.


Message History

The orc wizard is heavily wounded.
The orc barely misses you.
The orc priest calls upon Beogh to heal the orc wizard.
The orc wizard is healed somewhat.
The orc hits you with a hand axe.
* * * LOW HITPOINT WARNING * * *
The orc barely misses you.
You scratch the orc wizard but do no damage.
The orc wizard is moderately wounded.
The orc wizard hits you with a dagger of venom.
* * * LOW HITPOINT WARNING * * *
The orc closely misses you.
You closely miss the orc wizard. Your claw misses the orc wizard.
The orc wizard is moderately wounded.
The orc barely misses you. The orc closely misses you.
The orc wizard barely misses you. The orc hits you with a club.
* * * LOW HITPOINT WARNING * * *
You scratch the orc wizard but do no damage.
The orc wizard is moderately wounded.
The orc hits you.
You die...

#.....o.......
#....o........ .
#...........#.
..#..............
........S......#
≈.##........#..#
#...S...##...
≈≈....#w.#####.#
....##..#@o.).#
... #.†.ooo...##.
. #.##.........
#.#. #.......###
.....###.........
.................
.............#...
...##........#
#............#


You could see an orc wizard (bleeding) and 3 orcs.

Vanquished Creatures
  Crazy Yiuf (D:2)
  A worker ant (D:3)
  Robin (D:2)
  2 adders
  An ooze (D:1)
  A worm (D:3)
  3 giant geckos
  3 bats
  15 hobgoblins
  3 giant cockroaches
  3 giant newts
  18 goblins
  9 kobolds
  7 rats
68 creatures vanquished.

Notes
Turn   | Place    | Note
--------------------------------------------------------------
     0 | D:1      | sose, the Ghoul Warper, began the quest for the Orb.
     0 | D:1      | Reached XP level 1. HP: 17/17 MP: 2/2
    94 | D:1      | Reached XP level 2. HP: 24/24 MP: 3/3
   139 | D:1      | Reached skill level 3 in Unarmed Combat
   322 | D:1      | Reached XP level 3. HP: 29/29 MP: 4/4
   810 | D:2      | Reached skill level 4 in Unarmed Combat
   963 | D:2      | Noticed Robin
  1284 | D:2      | Killed Robin
  1295 | D:2      | Reached XP level 4. HP: 17/32 MP: 5/5
  1447 | D:2      | Learned a level 2 spell: Blink
  1493 | D:2      | Reached skill level 5 in Unarmed Combat
  1705 | D:2      | Noticed Crazy Yiuf
  1716 | D:2      | Killed Crazy Yiuf
  1786 | D:3      | Reached XP level 5. HP: 36/41 MP: 6/6
  1885 | D:3      | Slain by an orc

Action                   |  1- 3 |  4- 6 || total
-------------------------+-------+-------++-------
Melee: Unarmed           |   150 |   110 ||   260
  Eat: Chunk             |     5 |     9 ||    14
